 Dungeon Crawl Stone Soup version 0.17.0 (console) character file.

23 Garrluk the Cudgeler (level 3, 0/54 HPs)
             Began as an Ogre Gladiator on Nov 7, 2015.
             Succumbed to an adder's poison
             ... on level 2 of the Dungeon.
             The game lasted 00:01:42 (866 turns).

Garrluk the Cudgeler (Ogre Gladiator)                Turns: 866, Time: 00:01:42

Health: 0/54       AC: 21    Str: 20    XL:     3   Next: 0%
Magic:  3/3        EV:  1    Int:  8    God:
Gold:   47         SH:  0    Dex: 10    Spells: 0 memorised, 2 levels left

rFire  + . .     SeeInvis .     a - +0 flail
rCold  . . .     Clarity  .     (armour currently unavailable)
rNeg   + + +     SustAt   .     (no shield)
rPois  +         Gourm    .     (helmet currently unavailable)
rElec  .         Spirit   .     (cloak currently unavailable)
rCorr  .         Warding  .     (gloves unavailable)
rMut   .         NoTele   +     (boots unavailable)
MR     .....                    (no amulet)
Stlth  +.........               (no ring)
                                q - ring of protection from fire

@: lethally poisoned (0 -> -1), tree-form (expiring), not resistant to hostile
enchantments, very unstealthy
A: unfitting armour, (tough skin 0)
a: no special abilities


You were on level 2 of the Dungeon.
You were not hungry.
You were a tree.
You visited 1 branch of the dungeon, and saw 2 of its levels.

You collected 47 gold pieces.

Notes
Turn   | Place    | Note
--------------------------------------------------------------
     0 | D:1      | Garrluk the Ogre Gladiator began the quest for the Orb.
     0 | D:1      | Reached XP level 1. HP: 22/22 MP: 1/1
   146 | D:1      | Reached XP level 2. HP: 15/29 MP: 2/2
   621 | D:2      | Noticed an air elemental
   624 | D:2      | Found a stormy altar of Qazlal.
   625 | D:2      | Noticed an earth elemental
   625 | D:2      | Noticed a water elemental
   625 | D:2      | Noticed a fire elemental
   845 | D:2      | Reached XP level 3. HP: 7/36 MP: 3/3
   854 | D:2      | HP: 2/54 [poisoned by an adder]
   859 | D:2      | HP: 1/54 [poisoned by an adder]
   866 | D:2      | Succumbed to an adder's poison

Inventory:

Hand Weapons
 a - a +0 flail (weapon)
Missiles
 d - 3 throwing nets
 f - 2 javelins (quivered)
 g - 16 poisoned needles
 h - 37 stones
Armour
 b - a +0 robe (melded)
 c - a +0 hat (melded)
Jewellery
 q - a ring of protection from fire (left branch)
   (You found it on level 2 of the Dungeon)
Wands
 r - a wand of fireball (12)
   (You found it on level 2 of the Dungeon)
Scrolls
 i - a scroll of enchant armour {unknown}
 j - a scroll of blinking {unknown}
 o - a scroll of fear {unknown}
 p - a scroll of identify {unknown}
Comestibles
 e - a bread ration
 k - a slice of pizza
 l - a beef jerky

Table legend:
 A = Turns spent in this place as a percentage of turns spent in the entire game.
 B = Non-inter-level travel turns spent in this place as a percentage of non-inter-level travel turns spent in the entire game.
 C = Inter-level travel turns spent in this place as a percentage of turns spent in this place.
 D = Turns resting spent in this place as a percentage of non-inter-level travel turns spent in this place.
 E = Turns spent auto-exploring this place as a percentage of non-inter-level travel turns spent in this place.
 F = Non-inter-level travel turns spent in this place divided by the number of levels of this place that you've seen.
                   A       B       C       D       E      F
               +-------+-------+-------+-------+-------+----------------------
         Total | 100.0 | 100.0 |   0.4 |   0.9 |   9.2 | 114.0
       Dungeon | 100.0 | 100.0 |   0.4 |   0.9 |   9.2 | 114.0
               +-------+-------+-------+-------+-------+----------------------


   Skills:
 - Level 2.6 Fighting
 * Level 4.9 Maces & Flails
 + Level 2.5 Throwing
 - Level 2.6 Dodging


You had 2 spell levels left.
You didn't know any spells.

Dungeon Overview and Level Annotations

Branches:
Dungeon (2/15)

Altars:
Qazlal


Innate Abilities, Weirdness & Mutations

You are too large for most types of armour.
((You have tough skin (AC +1).))


Message History

* * * LOW HITPOINT WARNING * * *
You feel sick.
* * * LOW HITPOINT WARNING * * *
You feel sick.
* * * LOW HITPOINT WARNING * * *
You feel sick.
* * * LOW HITPOINT WARNING * * *
You feel sick.
* * * LOW HITPOINT WARNING * * *
You feel sick.
* * * LOW HITPOINT WARNING * * *
You feel sick.
* * * LOW HITPOINT WARNING * * *
You feel sick.
* * * LOW HITPOINT WARNING * * *
You feel sick.
Your transformation is almost over.
* * * LOW HITPOINT WARNING * * *
You feel sick.
You die...

......................#
###########..........##
# #..........# #
#..........#
#####..###.# ##.## .#
#..# .# # #..# .# .#
#..# .# .#### #..##
..... #♣$.#
+..........# #
#....#.#..## +
######(##.# # #.# ..#
#(# .... #.# #..#. .(#
..#


There were no monsters in sight!

Table legend:
 A = Kills in this place as a percentage of kills in entire the game.
 B = Kills by you in this place as a percentage of kills by you in the entire game.
 C = Kills by friends in this place as a percentage of kills by friends in the entire game.
 D = Other kills in this place as a percentage of other kills in the entire game.
 E = Experience gained in this place as a percentage of experience gained in the entire game.
 F = Experience gained in this place divided by the number of levels of this place that you have seen.
                   A       B       C       D       E      F
               +-------+-------+-------+-------+-------+----------------------
         Total | 100.0 | 100.0 |  -nan |  -nan | 100.0 |  17.0
       Dungeon | 100.0 | 100.0 |  -nan |  -nan | 100.0 |  17.0
               +-------+-------+-------+-------+-------+----------------------

Vanquished Creatures
  Monster Symbol All 'K'
  2 kobolds (D:1)
2 creatures vanquished. All 'S' An adder (D:2) 2 ball pythons (D:1)
3 creatures vanquished. All 'b' 2 bats (D:1)
2 creatures vanquished. All 'g' 3 hobgoblins
3 creatures vanquished. All 'l' A giant gecko (D:2) 2 giant newts (D:1)
3 creatures vanquished. All 'r' 4 rats (D:1)
4 creatures vanquished. All 's' A giant cockroach (D:1)
1 creature vanquished.
18 creatures vanquished. Monster Nature Natural Monsters An adder (D:2) A giant gecko (D:2) A giant cockroach (D:1) 3 hobgoblins 2 ball pythons (D:1) 2 bats (D:1) 2 giant newts (D:1) 2 kobolds (D:1) 4 rats (D:1)
18 creatures vanquished.
18 creatures vanquished. Ascending Order An adder (D:2) A giant gecko (D:2) A giant cockroach (D:1) 2 giant newts (D:1) 2 bats (D:1) 2 ball pythons (D:1) 2 kobolds (D:1) 3 hobgoblins 4 rats (D:1)
18 creatures vanquished.

Action                   || total
-------------------------++-------
Melee: Flail             ||    57
Throw: Javelin           ||     4
       Stone             ||     3
  Use: Potion            ||     1
